 Dungeon Crawl Stone Soup version 0.22-a0-799-g88f5e907b7 (webtiles) character file.

103 Holzbalken the Cudgeler (level 4, 0/39 HPs)
             Began as a Naga Warper on July 21, 2018.
             Slain by an adder (3 damage)
             ... on level 4 of the Dungeon.
             The game lasted 00:09:47 (2949 turns).

Holzbalken the Cudgeler (Naga Warper)               Turns: 2949, Time: 00:09:47

Health: 0/39       AC:  7    Str: 14    XL:     4   Next: 79%
Magic:  7/7        EV:  2    Int: 13    God:
Gold:   188        SH:  0    Dex: 11    Spells: 7/7 levels left

rFire    . . .     SeeInvis +   c - -2 mace (curse)
rCold    . . .     Gourm    .   (no shield)
rNeg     . . .     Faith    .   k - +1 plate armour {rPois}
rPois    +         Spirit   .   (no helmet)
rElec    .         Reflect  .   (no cloak)
rCorr    .         Harm     .   (no gloves)
MR       .....                  (no barding)
Stlth    ..........             (no amulet)
HPRegen  0.13/turn              g - ring of attention (curse)
MPRegen  0.10/turn              (no ring)

@: lethally poisoned (0 -> -2), very slightly contaminated, very slow
A: large, see invisible, deformed body, poison resistance, slowness 2, slow
metabolism 1, spit poison 1, AC +1
a: Spit Poison


You were on level 4 of the Dungeon.
You were hungry.

You visited 1 branch of the dungeon, and saw 4 of its levels.

You collected 188 gold pieces.

Inventory:

Hand Weapons
 a - a +0 mace
 c - a cursed -2 mace (weapon)
Missiles
 e - 4 tomahawks of dispersal (quivered)
Armour
 b - a +0 leather armour
 k - a +1 plate armour of poison resistance (worn)
Jewellery
 g - a cursed ring of attention (left hand)
 n - an uncursed ring of poison resistance
 o - an uncursed ring of poison resistance
Scrolls
 d - a scroll of blinking
 j - 3 scrolls of identify {unknown}
 l - 5 scrolls of remove curse {unknown}
 m - a scroll of enchant armour {unknown}
 p - a scroll of enchant weapon {unknown}
 q - 2 scrolls of magic mapping {unknown}
 u - a scroll of teleportation {unknown}
Potions
 h - a potion of might {unknown}
 i - a potion of curing {unknown}
 r - a potion of agility {unknown}
 t - a potion of flight
Comestibles
 f - 3 chunks of flesh
 s - a ration


   Skills:
 - Level 2.0 Fighting
 + Level 4.8 Maces & Flails
 - Level 0.8 Throwing
 - Level 0.7 Armour
 - Level 1.5 Dodging
 - Level 2.0 Spellcasting
   Level 3.0 Translocations


You had 7 spell levels left.
You didn't know any spells.
Your spell library contained the following spells:

 Spells                   Type           Power        Failure   Level  Hunger
 Teleport Other           Tloc           #.......     100%        3    ####...
 Blink                    Tloc           N/A          100%        2    ###....
 Passage of Golubria      Tloc           N/A          100%        4    #####..
 Shroud of Golubria       Chrm/Tloc      #.........   100%        2    ###....
 Gell's Gravitas          Tloc           #.........   100%        3    ####...
 Lesser Beckoning         Tloc           #.........   100%        3    ####...


Dungeon Overview and Level Annotations

Branches:
Dungeon (3/15)

Altars:
Uskayaw


Innate Abilities, Weirdness & Mutations

You cannot wear boots.
Your serpentine skin is tough. (AC +1)
You have supernaturally acute eyesight. (SInv)
Armour fits poorly on your strangely shaped body.
Your system is resistant to poisons. (rPois)
You cover ground very slowly.
You have a slow metabolism.
You can spit poison.


Message History

You open the door. The adder bites you but does no damage. The adder bites you.
* * * LOW HITPOINT WARNING * * *
The adder bites you but does no damage.
The sky beast flickers out of sight for a moment.
There is an open door here.
The adder bites you.
* * * LOW HITPOINT WARNING * * *
You are poisoned.
The adder poisons you!
Blink to where?
Press: ? - help, Dir - move target cursor
As you read the scroll of blinking, it crumbles to dust.
* * * LOW HITPOINT WARNING * * *
You feel sick.
An adder comes into view.
* * * LOW HITPOINT WARNING * * *
You feel sick.
The adder hisses angrily.
The adder bites you.
You die...

##..Y######
.# #....# .
#....#
#...S#
#....#
#....#
#..#.#
####.####...
#.@S......
#.........
#.........
#....##...
##...# ..
##### .


You could see 2 adders.

Vanquished Creatures
  An orc wizard (D:3)
  3 adders (D:2)
  A worm (D:2)
  A leopard gecko (D:1)
  4 orcs (D:3)
  3 giant cockroaches
  11 goblins
  2 hobgoblins
  5 kobolds
  A quokka (D:3)
  2 ball pythons
  4 bats
  A frilled lizard (D:1)
  3 rats
  A fungus (D:3)
43 creatures vanquished.

Notes
Turn   | Place    | Note
-------+----------+-------------------------------------------
     0 | D:1      | Holzbalken the Naga Warper began the quest for the Orb.
     0 | D:1      | Reached XP level 1. HP: 19/19 MP: 3/3
   367 | D:1      | Reached XP level 2. HP: 19/26 MP: 5/5
   718 | D:1      | Reached skill level 3 in Maces & Flails
  1163 | D:2      | Reached XP level 3. HP: 29/32 MP: 6/6
  1667 | D:2      | HP: 2/48 [poisoned by an adder]
  1675 | D:2      | HP: 2/48 [poisoned by an adder]
  2110 | D:2      | Reached skill level 4 in Maces & Flails
  2422 | D:2      | Reached XP level 4. HP: 39/39 MP: 7/7
  2627 | D:3      | Found a hide-covered altar of Uskayaw.
  2639 | D:3      | Noticed a hand axe
  2639 | D:3      | Noticed a hand axe
  2917 | D:3      | You fall through a shaft!
  2917 | D:4      | Noticed a sky beast
  2949 | D:4      | Slain by an adder

Vault maps used:
D:1:      dpeg_arrival_boxes_within_box, corexii_corridor_pit
D:3:      dancing_weapons_uskayaw, minmay_gold_behind_fungi,
          minmay_tree_intersection, minmay_vboxes
D:4:      minmay_wonky_spiral, serial_shops, shop

Skill      XL: |  1  2  3 |
---------------+----------+-----
Maces & Flails | 3 4 |  4.8
Fighting       | |  2.0
Throwing       | |  0.8
Armour         | |  0.7
Dodging        | |  1.5
Spellcasting   | |  2.0
Translocations | |  3.0

Action                   |  1- 3 |  4- 6 || total
-------------------------+-------+-------++-------
Melee: Mace              |   101 |    95 ||   196
Throw: Tomahawk          |       |     1 ||     1
 Abil: Spit Poison       |     5 |       ||     5
  Use: Potion            |     2 |     1 ||     3
       Scroll            |       |     2 ||     2
  Eat: Ration            |     1 |       ||     1
       Chunk             |       |     1 ||     1
Armor: Leather armour    |    17 |       ||    17
       Plate armour      |    24 |    76 ||   100
Dodge: Dodged            |    38 |    15 ||    53

Table legend:
 A = Spawn XP
 B = Non-spawn XP
 C = Spawn XP percentage of total XP
 D = Spawn monster count
 E = Non-spawn monster count
 F = Spawn count percentage of total count
 G = Total turns spent on level
                    A         B        C        D         E        F      G
               +---------+---------+-------+---------+---------+-------+---------
         Total |       0 |     148 |   0.0 |       0 |      42 |   0.0 |  2949
               +---------+---------+-------+---------+---------+-------+---------
           D:1 |       0 |      25 |   0.0 |       0 |      15 |   0.0 |  1096
           D:2 |       0 |      61 |   0.0 |       0 |      13 |   0.0 |  1406
           D:3 |       0 |      62 |   0.0 |       0 |      14 |   0.0 |   415
               +---------+---------+-------+---------+---------+-------+---------
